 Dungeon Crawl Stone Soup version 0.18-a0-1203-gbde16db (webtiles) character file.

545 corax the Sneak (level 7, -3/53 HPs)
             Began as a Mummy Assassin on Feb 1, 2016.
             Was an Initiate of Gozag.
             Killed from afar by an orc warrior (17 damage)
             ... with a wand of lightning
             ... on level 3 of the Dungeon.
             The game lasted 00:12:44 (2327 turns).

corax the Sneak (Mummy Assassin)                    Turns: 2327, Time: 00:12:44

Health: -3/53      AC:  5    Str: 14    XL:     7   Next: 6%
Magic:  7/7        EV: 12    Int: 11    God:    Gozag
Gold:   227        SH:  0    Dex: 11    Spells: 0 memorised, 6 levels left

rFire  x . .     SeeInvis +     v - +4 dagger "Etoodatibi" {speed, MR+++ Str-3 Dex-4 SInv}
rCold  + . .     Gourm    .     c - +0 robe
rNeg   + + +     Faith    .     (no shield)
rPois  ∞         Spirit   .     (no helmet)
rElec  .         Dismiss  .     w - +0 cloak
rCorr  .         Reflect  .     s - +1 pair of gloves
SustAt .         Harm     .     (no boots)
MR     +++..                    j - amulet of regeneration
Stlth  +++.......               (no ring)
                                o - +3 ring of strength

@: extremely resistant to hostile enchantments, fairly stealthy
A: no food or potions, fire vulnerability, cold resistance 1, negative energy
resistance 3, torment resistance, unbreathing
a: Potion Petition, Call Merchant, Bribe Branch, Renounce Religion


You were on level 3 of the Dungeon.
You worshipped Gozag.
Gozag was noncommittal.
You were not hungry.

You visited 1 branch of the dungeon, and saw 5 of its levels.

You collected 254 gold pieces.
You paid 27 gold pieces to Gozag.

Inventory:

Hand Weapons
 a - a +2 dagger
 b - a +0 blowgun
 g - a +1 short sword of electrocution
 v - the +4 dagger "Etoodatibi" (weapon) {speed, MR+++ Str-3 Dex-4 SInv}
   (You found it on level 4 of the Dungeon)

   Attacks with this weapon are significantly faster.
   It affects your strength (-3).
   It affects your dexterity (-4).
   It affects your resistance to hostile enchantments.
   It lets you see invisible.
Missiles
 e - 40 poisoned needles
 f - 2 curare-tipped needles
 q - 5 needles of confusion
Armour
 c - a +0 robe (worn)
 d - a +0 cloak
 s - a +1 pair of gloves (worn)
 w - a +0 cloak (worn)
Jewellery
 j - an amulet of regeneration (around neck)
 o - a +3 ring of strength (left hand)
 u - an uncursed amulet of magic regeneration
Scrolls
 h - a scroll of remove curse
 i - 2 scrolls of random uselessness {unknown}
 k - 2 scrolls of magic mapping {unknown}
 l - 5 scrolls of identify
 m - 2 scrolls of teleportation {unknown}
 n - a scroll of noise {unknown}
 p - a scroll of enchant weapon {unknown}
 r - a scroll of immolation {unknown}
 t - a scroll of enchant armour {unknown}
Books
 x - a book of Annihilations

   Spells                             Type                      Level
   a - Poison Arrow                   Conjuration/Poison           6
   b - Chain Lightning                Conjuration/Air              8
   c - Lehudib's Crystal Spear        Conjuration/Earth            8
   d - Glaciate                       Conjuration/Ice              9
   e - Fire Storm                     Conjuration/Fire             9


   Skills:
 + Level 3.7 Fighting
 + Level 3.2 Short Blades
 + Level 2.7 Throwing
 + Level 2.9 Dodging
 + Level 4.6 Stealth


You had 6 spell levels left.
You didn't know any spells.

Dungeon Overview and Level Annotations

Branches:
Dungeon (5/15)
 Temple: D:4-7

Altars:
Elyvilon
Gozag
Sif Muna
Vehumet
Xom
Yredelemnul
Zin

Annotations:
D:4 Natasha


Innate Abilities, Weirdness & Mutations

You do not eat or drink.
Your flesh is vulnerable to fire.
You are immune to poison.
Your flesh is cold resistant.
You are immune to negative energy.
You are immune to unholy pain and torment.
You can survive without breathing.


Message History

You hit the orc warrior.
The orc warrior is almost dead.
The orc warrior drinks a potion.
The orc warrior is healed!
You hit the orc warrior.
The orc warrior is almost dead.
You hit the orc warrior.
The orc warrior is almost dead.
The orc warrior closely misses you.
You hit the orc warrior but do no damage.
The orc warrior is almost dead.
You hit the orc warrior.
The orc warrior is almost dead.
The orc warrior barely misses you.
You closely miss the orc warrior.
The orc warrior is almost dead.
You hit the orc warrior.
The orc warrior is almost dead.
The orc warrior zaps a wand.
The bolt of lightning hits you!
You die...
Your body crumbles into a pile of gold.

#.##.# ###........# #.##.#
.#.######o#### ..##.#
.#.######....##### .###.#
.#...............# .###.#
##.#######.........# .##..##
#..# #####.........#
......####.## #......########
......#.....###o####.......##
...)............@.....#.....#
.._...#.....###)###########.#
......#.........# #.#
......#.....##### #.#
......#.....# ###
<.....#.....# #############


You could see an orc warrior.

Vanquished Creatures
  Sigmund (D:4)
  3 hounds (D:4)
  An orc wizard (D:4)
  Crazy Yiuf (D:4)
  An iguana (D:4)
  A worker ant (D:4)
  7 gnolls
  7 adders
  An ooze (D:4)
  2 worms
  2 giant geckos
  6 orcs
  A giant cockroach (D:3)
  5 goblins
  4 hobgoblins
  3 jackals (D:1)
  A quokka (D:4)
  A ball python (D:2)
  4 bats
  5 giant newts
  4 kobolds
  3 rats
64 creatures vanquished.

Notes
Turn   | Place    | Note
--------------------------------------------------------------
     0 | D:1      | corax the Mummy Assassin began the quest for the Orb.
     0 | D:1      | Reached XP level 1. HP: 16/16 MP: 1/1
    15 | D:1      | Reached skill level 1 in Dodging
   120 | D:1      | Reached XP level 2. HP: 19/22 MP: 2/2
   601 | D:2      | Reached XP level 3. HP: 28/28 MP: 3/3
   784 | D:2      | Found a deep blue altar of Sif Muna.
   787 | D:2      | Found a radiant altar of Vehumet.
   787 | D:2      | Found a glowing silver altar of Zin.
   789 | D:2      | Found a basalt altar of Yredelemnul.
   789 | D:2      | Found a white marble altar of Elyvilon.
   915 | D:2      | Reached XP level 4. HP: 34/34 MP: 4/4
  1075 | D:3      | Found an opulent altar of Gozag.
  1353 | D:3      | Became a worshipper of Gozag Ym Sagoz the Greedy
  1382 | D:3      | Noticed an orc warrior
  1397 | D:4      | Noticed Sigmund
  1475 | D:4      | Reached XP level 5. HP: 40/40 MP: 5/5
  1648 | D:3      | Reached skill level 4 in Stealth
  1700 | D:4      | Killed Sigmund
  1700 | D:4      | Reached XP level 6. HP: 24/47 MP: 6/6
  1765 | D:4      | Found a shimmering altar of Xom.
  1790 | D:5      | Entered Level 5 of the Dungeon
  1817 | D:4      | Got a twisted dagger
  1818 | D:4      | Identified the +4 dagger "Etoodatibi" {speed, MR+++ Str-3 Dex-4 SInv} (You found it on level 4 of the Dungeon)
  1937 | D:4      | Noticed Crazy Yiuf
  1949 | D:4      | Killed Crazy Yiuf
  2232 | D:4      | Reached XP level 7. HP: 48/53 MP: 7/7
  2249 | D:4      | Noticed Natasha
  2327 | D:3      | Killed from afar by an orc warrior

Vault maps used:
D:1:      mushboom_english_gardens, st_stairs_7
D:2:      grunt_temple_overflow_open
D:3:      nicolae_gozag_seed_capital, minmay_tree_intersection
D:4:      overflow_temple_1_default, hangedman_abyss_or_decor_passed,
          uniq_sigmund, uniq_menkaure, uniq_crazy_yiuf_cottage, uniq_natasha,
          uniq_robin
D:5:      overflow_temple_1_default, minmay_temple_entry_oklob, first_bread,
          uniq_edmund, uniq_prince_ribbit1

Action                   |  1- 3 |  4- 6 |  7- 9 || total
-------------------------+-------+-------+-------++-------
Melee: Dagger            |    13 |    37 |    24 ||    74
       Short sword       |    36 |    66 |       ||   102
 Fire: Blowgun           |     9 |     7 |       ||    16
  Use: Scroll            |     1 |     2 |       ||     3
 Stab: Sleeping          |     3 |    10 |       ||    13
       Distracted        |       |       |     1 ||     1
